 Dungeon Crawl Stone Soup version 0.30-a0-359-gd0147acb1a (webtiles) character file.

Game seed: 5426978939786725221

681 PimpSugar the Magician (level 7, -6/51 HPs)
             Began as a Demonspawn Hedge Wizard on Nov 12, 2022.
             Was a Believer of Vehumet.
             Killed from afar by Dowan (25 damage)
             ... with a shard of ice
             ... on level 4 of the Dungeon.
             The game lasted 00:20:49 (4808 turns).

PimpSugar the Magician (Demonspawn Hedge Wizard)    Turns: 4808, Time: 00:20:50

Health: -6/51      AC:  8    Str: 17    XL:     7   Next: 34%
Magic:  15/23      EV: 11    Int: 17    God:    Vehumet [**....]
Gold:   212        SH:  0    Dex:  7    Spells: 12/15 levels left

rFire   . . .      SeeInvis .    a - +0 dagger
rCold   . . .      Faith    .    (no shield)
rNeg    + + .      Spirit   .    s - +0 leather armour "Raden" {rN++ MP+9 Dex-5 Slay+3}
rPois   .          Reflect  .    q - +2 hat
rElec   .          Harm     .    (no cloak)
rCorr   .          Rampage  .    (no gloves)
Will    .....                    v - +2 pair of boots
Stlth   +.........               (no amulet)
HPRegen 0.28/turn                k - +6 ring of strength
MPRegen 0.18/turn                (no ring)

@: studying Evocations
A: claws 2, demonic guardian 1
a: Renounce Religion


You were on level 4 of the Dungeon.
You worshipped Vehumet.
Vehumet was pleased with you.
You visited 2 branches of the dungeon, and saw 5 of its levels.
You also visited: Sewer.

You collected 212 gold pieces.

Inventory:

Hand Weapons
 a - a +0 dagger (weapon)
 h - a +0 sling
Missiles
 f - 25 stones
 t - 6 poisoned darts (quivered)
 w - 2 javelins
Armour
 b - a +0 robe
 c - a +0 hat
 q - a +2 hat (worn)
 s - the +0 leather armour "Raden" (worn) {rN++ MP+9 Dex-5 Slay+3}
   (You found it on level 2 of the Dungeon)

   Dex:       It affects your dexterity (-5).
   Slay:      It affects your accuracy & damage with ranged weapons and melee
   (+3).
   rN:        It greatly protects you from negative energy.
   MP:        It affects your magic capacity (+9).
 v - a +2 pair of boots (worn)
Jewellery
 k - a +6 ring of strength (left claw)
Wands
 i - a wand of flame (14)
Scrolls
 j - 2 scrolls of magic mapping
 l - a scroll of silence {unknown}
 n - a scroll of torment
Potions
 d - 2 potions of magic
 m - a potion of flight
 r - a potion of degeneration
 u - a potion of invisibility {unknown}
 z - a potion of lignification {unknown}


   Skills:
 + Level 2.6 Fighting
 - Level 1.7 Dodging
 - Level 1.7 Stealth
 + Level 1.6 Unarmed Combat
 * Level 4.7 Spellcasting
 * Level 3.9 Conjurations
 + Level 2.8 Summonings
 + Level 2.5 Translocations
 + Level 1.5 Evocations


You had 12 spell levels left.
You knew the following spells:

 Your Spells              Type           Power      Damage    Failure   Level
a - Magic Dart            Conj           68%        1d6       3%          1
b - Call Imp              Summ           13%        N/A       9%          2

Your spell library contained the following spells:

 Spells                   Type           Power      Damage    Failure   Level
 Poisonous Vapours        Pois/Air       8%         N/A       26%         2
 Blink                    Tloc           24%        N/A       10%         2
 Slow                     Hex            16%        N/A       19%         1
 Cigotuvi's Dreadful Rot  Necr/Pois/Air  8%         N/A       26%         2
 Mephitic Cloud           Conj/Pois/Air  8%         N/A       30%         3


Dungeon Overview and Level Annotations

Branches:
Dungeon (4/15)             Temple (1/1) D:4           Sewer (visited)

Altars:
Ashenzari
Dithmenos
Fedhas
Gozag
Hepliaklqana
Kikubaaqudgha
Makhleb
Ru
Sif Muna
Trog
Vehumet
Xom
Yredelemnul

Annotations:
D:4 Dowan


Innate Abilities, Weirdness & Mutations

You have very sharp fingernails.
A weak demonic guardian rushes to your aid.


Message History

Dowan blinks!
You hit Duvessa.
You kill Duvessa!
Vehumet accepts your kill.
Dowan screams, "No!
Oh no!"
Dowan seems to find hidden reserves of power!
Throw: 9 darts (poison)
Press: ? - help, Q - select action, (/) - cycle Shift-Dir - straight line, f - Dowan
Aim: Dowan, wielding a +3 dagger and wearing a +2 robe of willpower (fast, 46% to hit)
You throw a poisoned dart. The poisoned dart hits Dowan.
Dowan is poisoned.
Throw: 8 darts (poison)
Press: ? - help, Q - select action, (/) - cycle Shift-Dir - straight line, f/p - Dowan
Aim: Dowan, wielding a +3 dagger and wearing a +2 robe of willpower (lightly wounded, fast, poisoned, 46% to hit)
You throw a poisoned dart. The poisoned dart hits Dowan.
Dowan looks even sicker.
Dowan is lightly wounded.
Dowan hits you with a +3 dagger.
Throw: 7 darts (poison)
Press: ? - help, Q - select action, (/) - cycle Shift-Dir - straight line, f/p - Dowan
Aim: Dowan, wielding a +3 dagger and wearing a +2 robe of willpower (lightly wounded, fast, very poisoned, 46% to hit)
You throw a poisoned dart. The poisoned dart hits Dowan.
Dowan looks even sicker.
Dowan is lightly wounded.
Dowan hits you with a +3 dagger. Dowan hits you with a +3 dagger!
* * * LOW HITPOINT WARNING * * *
You feel much better. Dowan hits you with a +3 dagger.
A demonic guardian appears!
You swap places.
Dowan gestures at you while chanting. The stone arrow hits your ufetubus!
Your ufetubus dies!
Your ufetubus disappears in a puff of smoke!
You closely miss Dowan.
Dowan is lightly wounded.
Dowan hits you with a +3 dagger.
You miss Dowan.
Dowan is moderately wounded.
Dowan points at you and mumbles some strange words.
The shard of ice hits you!!
You die...

.......# #.#
.).....# #.##.#
)...<..# #.##.#
.###+### #.##.# .#
#.# #.##(# ## #.#
#.##(# #.# #.##(#
# #.# ######.##e#
####.###...##.##@#
#.†.........#.##.#
..###.###.#.#.##.#
#..##.##..#......#
##..#†#..#..######
###.#.#....##
#...#.#...##
#.#.#)#.#.##
...##.##...#


You could see Dowan (fast, very poisoned).

Vanquished Creatures
  Duvessa (D:4)
  An ice beast (D:3)
  A bullfrog (Sewer)
  A necrophage (D:3)
  A scorpion (D:4)
  9 adders
  A river rat (D:4)
  A worm (D:4)
  A dart slug (D:3)
  10 endoplasms
  6 giant cockroaches
  7 goblins
  4 hobgoblins
  A jackal (D:3)
  12 quokkas
  12 ball pythons
  8 bats
  11 frilled lizards
  5 kobolds
  7 rats
100 creatures vanquished.

Vanquished Creatures (collateral kills)
  Natasha (twice) (D:3)
  2 adders
  A river rat (D:4)
  4 worms (D:4)
  A dart slug (D:2)
  6 orcs
  3 ball pythons (Sewer)
  An endoplasm (Sewer)
  A giant cockroach (Sewer)
  2 jackals (D:3)
  A kobold (D:4)
  2 quokkas
  A frilled lizard (Sewer)
  2 rats
29 creatures vanquished.

Vanquished Creatures (others)
  3 plants (D:3)
3 creatures vanquished.

Grand Total: 132 creatures vanquished

Notes
Turn   | Place    | Note
-------+----------+-------------------------------------------
     0 | D:1      | PimpSugar the Demonspawn Hedge Wizard began the quest for
                  | the Orb.
     0 | D:1      | Reached XP level 1. HP: 13/13 MP: 4/4
   103 | D:1      | Reached skill level 1 in Translocations
   432 | D:1      | Found a faded altar of an unknown god.
   546 | D:1      | Gained mutation: A weak demonic guardian rushes to your
                  | aid. [demonic ancestry]
   546 | D:1      | Reached XP level 2. HP: 19/19 MP: 4/6
   799 | D:1      | Learned a level 2 spell: Call Imp
  1438 | D:2      | Reached XP level 3. HP: 9/25 MP: 1/7
  1767 | D:2      | Identified the +0 leather armour "Raden" {rN++ MP+9 Dex-5
                  | Slay+3}
  2188 | D:3      | Found an opulent altar of Gozag.
  2272 | D:3      | Reached skill level 1 in Fighting
  2284 | D:3      | Noticed a necrophage
  2335 | D:3      | Killed a necrophage
  2336 | D:3      | Gained mutation: You have sharp fingernails. [demonic
                  | ancestry]
  2336 | D:3      | Reached XP level 4. HP: 10/32 MP: 9/9
  2492 | D:3      | Noticed an ice beast
  2537 | D:3      | Killed an ice beast
  2538 | D:3      | Reached skill level 4 in Spellcasting
  2538 | D:3      | Reached XP level 5. HP: 12/38 MP: 11/11
  2686 | D:3      | Noticed Natasha
  2704 | D:3      | Killed Natasha
  2847 | D:3      | Noticed Natasha
  2875 | D:3      | Killed Natasha
  2876 | D:3      | Reached XP level 6. HP: 9/44 MP: 12/12
  3576 | D:4      | Found a staircase to the Ecumenical Temple.
  3619 | Temple   | Entered the Ecumenical Temple
  3624 | Temple   | Became a worshipper of Vehumet
  3779 | D:4      | Reached skill level 1 in Unarmed Combat
  3869 | D:4      | Found a glowing drain.
  3875 | Sewer    | Entered a sewer
  3986 | Sewer    | Reached * piety under Vehumet
  3986 | Sewer    | Offered knowledge of Kiss of Death by Vehumet.
  4202 | Sewer    | Reached ** piety under Vehumet
  4213 | Sewer    | Offered knowledge of Poisonous Vapours by Vehumet.
  4260 | Sewer    | Reached skill level 1 in Evocations
  4452 | D:4      | Found a hazy altar of Hepliaklqana.
  4560 | D:4      | Gained mutation: You have very sharp fingernails. [demonic
                  | ancestry]
  4560 | D:4      | Reached XP level 7. HP: 50/51 MP: 13/13
  4758 | D:4      | Noticed Dowan
  4759 | D:4      | Noticed Duvessa
  4801 | D:4      | Killed Duvessa
  4808 | D:4      | Killed from afar by Dowan

Illustrated notes

Levels and vault maps discovered:
D:1:      noname_arrival_rooms_in_the_neighbourhood, layout_loops_corners,
          shapermc_ecumenical_altar_acropolis
D:2:      layout_rooms
D:3:      cheibrodos_old_hovel, layout_loops_ring, grunt_gozag_breadcrumbs,
          uniq_natasha
D:4:      layout_basic, mainiacjoe_overflow_alcove_2,
          minmay_temple_entry_sparse_star, lightli_sewer_entry_pipes,
          minmay_manual_monstrance, uniq_duvessa, uniq_blork_the_orc,
          uniq_crazy_yiuf_cottage, uniq_ijyb
Temple:   minmay_freezing_vapour_temple

Skill      XL: |  1  2  3  4  5  6 |
---------------+-------------------+-----
Translocations | 1 2 |  2.5
Fighting       | 1 2 |  2.6
Conjurations   | 2 3 |  3.9
Spellcasting   | 4 |  4.7
Summonings     | 2 |  2.8
Unarmed Combat | 1 |  1.6
Evocations     | 1 |  1.5
Dodging        | |  1.7
Stealth        | |  1.7

Action                   |  1- 3 |  4- 6 |  7- 9 || total
-------------------------+-------+-------+-------++-------
Melee: Dagger            |    41 |   177 |    32 ||   250
       Punch             |     2 |     2 |       ||     4
Throw: Dart              |       |       |     5 ||     5
 Cast: Magic Dart        |    59 |    92 |    20 ||   171
       Call Imp          |     7 |    22 |     5 ||    34
Evoke: Wand              |       |     3 |     1 ||     4
  Use: Potion            |     4 |     6 |     3 ||    13
       Scroll            |     3 |     9 |       ||    12
 Stab: Distracted        |       |     1 |       ||     1
Armor: Robe              |     6 |       |       ||     6
       Leather armour    |     7 |    85 |    18 ||   110
Dodge: Dodged            |    31 |   123 |    21 ||   175

Table legend: (Time is in decaauts)
 A = Elapsed time spent in this place.
 B = Non-inter-level travel time spent in this place.
 C = Inter-level travel time spent in this place.
 D = Time resting spent in this place.
 E = Time spent auto-exploring this place.
 F = Levels seen in this place.
 G = Mean time per level.
                   A        B        C        D        E       F      G
               +--------+--------+--------+--------+--------+-----+--------+
         Total |   4925 |   4606 |    319 |    576 |   2652 |   6 |  820.8 |
       Dungeon |   4348 |   4037 |    311 |    539 |   2508 |   4 | 1087.0 |
        Temple |     10 |      2 |      8 |      0 |      0 |   1 |   10.0 |
         Sewer |    566 |    566 |      0 |     37 |    144 |   1 |  566.0 |
               +--------+--------+--------+--------+--------+-----+--------+

Top non-repeatable levels by time:
     D:3: 1549 daAuts
     D:1: 1243 daAuts
     D:2: 781 daAuts
     D:4: 774 daAuts
   Sewer: 566 daAuts
  Temple: 10 daAuts
